 Dungeon Crawl Stone Soup version 0.29.1-15-g9cfb28693d (webtiles) character file.

Game seed: 10163226011628921265

17885 Mysteryquy the Basher (level 12, -6/76 HPs)
             Began as a Gargoyle Fighter on Apr 25, 2023.
             Was a High Priest of Okawaru.
             Killed by divine providence
             ... invoked by a meliai
              (13 damage)
             ... in a Gauntlet.
             The game lasted 00:35:11 (14506 turns).

Mysteryquy the Basher (Gargoyle Fighter)           Turns: 14506, Time: 00:35:11

Health: -6/76      AC: 29    Str: 26    XL:     12   Next: 52%
Magic:  13/13      EV:  8    Int:  7    God:    Okawaru [*****.]
Gold:   601        SH: 10    Dex: 11    Spells: 11/11 levels left

rFire   . . .      SeeInvis .   x - +6 morningstar of Defence by Offence {venom, rPois Str+3 Int-4 Dex+2}
rCold   . . .      Faith    .   r - +0 kite shield
rNeg    + + +      Spirit   .   W - +1 shadow dragon scales of Absolutism {Harm rN+ Stlth++++}
rPois   ∞          Reflect  .   v - +0 helmet
rElec   +          Harm     +   (no cloak)
rCorr   +          Rampage  .   (no gloves)
Will    .....      NoTele   +   J - +0 pair of boots
Stlth   +++.......              t - amulet of regeneration
HPRegen 1.02/turn               B - ring of resist corrosion
MPRegen 0.13/turn               S - ring of Plog {rN+ rCorr}

@: no status effects
A: sickness immunity, AC +8, negative energy resistance 1, electricity
resistance, torment resistance 1, petrification resistance
a: Renounce Religion, Heroism, Finesse, Duel


You were in a Gauntlet.
You worshipped Okawaru.
Okawaru was extremely pleased with you.
You visited 3 branches of the dungeon, and saw 13 of its levels.
You also visited: Sewer, Ossuary and Gauntlet.

You collected 657 gold pieces.
You spent 56 gold pieces at shops.

Inventory:

Hand Weapons
 j - a +0 sling
 x - the +6 morningstar of Defence by Offence (weapon) {venom, rPois Str+3 Int-4 Dex+2}
   (You found it on level 3 of the Dungeon)

   It poisons the flesh of those it strikes.
   Str:       It affects your strength (+3).
   Int:       It affects your intelligence (-4).
   Dex:       It affects your dexterity (+2).
   rPois:     It protects you from poison.
Missiles
 g - 126 stones (quivered)
Armour
 r - a +0 kite shield (worn)
 v - a +0 helmet (worn)
 J - a +0 pair of boots (worn)
 W - the +1 shadow dragon scales of Absolutism (worn) {Harm rN+ Stlth++++}
   (Okawaru gifted it to you on level 1 of the Lair of Beasts)

   rN:        It protects you from negative energy.
   Harm:      It increases damage dealt and taken.
   Stlth:     It makes you much more stealthy.
Jewellery
 c - the amulet of the Telling Hero {Acrobat rC+}
   (You found it in a Gauntlet)

   [amulet of the acrobat]

   It increases your evasion while moving and waiting.
   rC:        It protects you from cold.
 l - the ring "Sopamoin" {Will+ Int+5 Stlth-}
   (You found it in a Gauntlet)

   [ring of willpower]

   Int:       It affects your intelligence (+5).
   Will:      It increases your willpower.
   Stlth:     It makes you less stealthy.
 t - an amulet of regeneration (around neck)
 B - a ring of resist corrosion (left hand)
 S - the ring of Plog (right hand) {rN+ rCorr}
   (You found it on level 1 of the Lair of Beasts)

   [ring of resist corrosion]

   rN:        It protects you from negative energy.
   rCorr:     It protects you from acid and corrosion.
Wands
 D - a wand of polymorph (8)
Scrolls
 b - a scroll of silence
 f - 6 scrolls of identify
 h - 3 scrolls of fear {unknown}
 k - 8 scrolls of teleportation
 m - 2 scrolls of magic mapping {unknown}
 o - 4 scrolls of amnesia {unknown}
 p - 4 scrolls of fog {unknown}
 u - 5 scrolls of immolation {unknown}
 y - 2 scrolls of poison {unknown}
 z - 2 scrolls of brand weapon {unknown}
 A - 2 scrolls of vulnerability {unknown}
 C - 2 scrolls of enchant weapon {unknown}
 F - a scroll of blinking
 G - 2 scrolls of enchant armour
 K - a scroll of acquirement
 P - a scroll of torment
Potions
 a - a potion of brilliance
 d - a potion of might
 e - 5 potions of magic {unknown}
 i - 10 potions of heal wounds {unknown}
 n - a potion of mutation
 q - 2 potions of berserk rage {unknown}
 s - 3 potions of attraction {unknown}
 w - a potion of ambrosia
 E - 2 potions of flight {unknown}
 H - 2 potions of lignification {unknown}
 I - 8 potions of curing
 L - 2 potions of haste
 R - a potion of degeneration


   Skills:
 + Level 9.6 Fighting
 + Level 13.5 Maces & Flails
 + Level 10.7 Armour
 + Level 2.0 Dodging
 + Level 1.7 Stealth
 + Level 9.6 Shields
 + Level 1.8 Invocations


You had 11 spell levels left.
You didn't know any spells.
Your spell library contained the following spells:

 Spells                   Type           Power      Damage    Failure   Level
 Poisonous Vapours        Pois/Air       0%         N/A       100%        2
 Dazzling Flash           Conj/Hex       0%         N/A       100%        3
 Portal Projectile        Hex/Tloc       0%         N/A       100%        3
 Anguish                  Hex/Necr       0%         N/A       100%        4
 Corpse Rot               Necr/Pois/Air  0%         N/A       100%        4
 Agony                    Necr           0%         N/A       100%        5
 Blade Hands              Tmut           0%         N/A       100%        5
 Freezing Cloud           Conj/Ice/Air   0%         6-21      100%        5
 Iskenderun's Battlesphe  Conj           0%         2d6       100%        5
 Silence                  Hex/Air        0%         N/A       100%        5
 Iron Shot                Conj/Erth      0%         9d1       100%        6
 Enfeeble                 Hex            0%         N/A       100%        7
 Polar Vortex             Ice            0%         N/A       100%        9
 Tukima's Dance           Hex            Unusable   N/A       N/A         3
 Simulacrum               Ice/Necr       Unusable   N/A       N/A         6
 Spellforged Servitor     Conj/Summ      Unusable   N/A       N/A         7

Dungeon Overview and Level Annotations

Branches:
Dungeon (11/15)            Temple (1/1) D:5            Lair (1/5) D:10
  Sewer (visited)         Ossuary (visited)         Gauntlet (1/1)
    Orc: D:9-12

Altars:
Ashenzari
Cheibriados
Dithmenos
Elyvilon
Fedhas
Gozag
Hepliaklqana
Kikubaaqudgha
Makhleb
Nemelex Xobeh
Okawaru
Qazlal
Ru
Sif Muna
Trog
Uskayaw
Vehumet
Wu Jian
Xom
Yredelemnul
Zin
The Shining One

Shops:
D:4 [(=   D:10 =!

Annotations:
Gauntlet 16 runed translucent doors, 7 transporters


Innate Abilities, Weirdness & Mutations

You are immune to sickness and miasma.
Your stone body is resilient. (AC +8)
You are immune to poison.
You resist negative energy. (rN+)
You are resistant to electric shocks. (rElec)
You are resistant to unholy torment.
You are immune to petrification.


Message History

Found a glowing robe.
You impale the meliai!!
You kill the meliai!
Okawaru accepts your kill. You block the meliai's attack.
The meliai stings you but does no damage.
The meliai hits you but does no damage.
The meliai stings you but does no damage.
You barely miss the meliai. You block the meliai's attack.
The meliai completely misses you. The meliai hits you with a +0 war axe!
You block the meliai's attack.
You barely miss the meliai. The meliai closely misses you.
You block the meliai's attack. The meliai hits you with a +0 war axe!
The meliai barely misses you.
You barely miss the meliai.
The meliai invokes the aid of its god against you.
Something smites you! The meliai hits you with a +0 war axe.
You block the meliai's attack.
You closely miss the meliai. You block the meliai's attack.
The meliai closely misses you. The meliai hits you but does no damage.
The meliai stings you. You block the meliai's attack. x2
The meliai closely misses you. x2
You miss the meliai. The meliai hits you with a +0 hand axe.
* * * LOW HITPOINT WARNING * * *
The meliai stings you but does no damage.
The meliai hits you with a +0 war axe!
* * * LOW HITPOINT WARNING * * *
The meliai stings you but does no damage.
You puncture the meliai!
The meliai is poisoned.
The meliai is almost dead.
You kill the meliai!
Okawaru accepts your kill. You block the meliai's attack.
The meliai closely misses you. You block the meliai's attack.
The meliai stings you but does no damage.
You hit the meliai.
The meliai is poisoned.
The meliai is moderately wounded.
The meliai calls down the wrath of its god upon you.
Something smites you!
You die...

#################
......§§§∩§§........
......§§.§..§......
########...########
#}©.[..#...#y.=.©[ .
$#..#..#...#y###.^ #..
.####.##...#y#..^# #.#..
###....#...#...###...#..
##.#####...#.###@).#.#..#
..#.x###...#^#.)y###.#..#
##..#x##...#...###^..#..#
#.#..#X#...#.###.^.#.#..#
x##.#..#...#.........#..#
########...###########..##
#.©.#....≈....#.©.#.....#8
#...#...≈8§...#...#.8...#
#.©.#....≈....#.©.#.....#


You could see a meliai (poisoned).

Vanquished Creatures
  4 hydras
  Fannar (D:10)
  A two-headed ogre (D:9)
  2 elephants (Lair:1)
  A gargoyle (D:10)
  Joseph (D:8)
  2 cane toads (Lair:1)
  2 kobold demonologists
  5 komodo dragons (Lair:1)
  An ice devil (Gauntlet)
  An unseen horror (D:9)
  2 meliai (Gauntlet)
  2 polar bears (Lair:1)
  Prince Ribbit (D:5)
  Grinder (D:3)
  A blink frog (Lair:1)
  A dream sheep (Lair:1)
  2 centaur simulacra (Gauntlet)
  2 wyverns
  13 yaks
  Eustachio (D:4)
  A basilisk (Lair:1)
  A vampire mosquito (D:10)
  Edmund (D:6)
  Menkaure (D:4)
  An acid dragon (D:9)
  2 water moccasins
  5 orc warriors
  An ice beast (D:5)
  2 ogres
  8 wolves (Lair:1)
  2 centaurs
  2 phantoms (D:5)
  10 kobold brigands
  An elf zombie (Ossuary)
  5 bullfrogs
  A scorpion (D:5)
  A cane toad simulacrum (Gauntlet)
  Blork the orc (D:4)
  5 wights (D:9)
  8 killer bees
  3 howler monkeys
  A jelly (D:6)
  3 centaur zombies (Ossuary)
  A human zombie (Ossuary)
  Crazy Yiuf (D:3)
  5 orc priests
  A gnoll bouda (D:9)
  4 hounds
  5 iguanas
  Terence (D:3)
  Natasha (thrice) (D:2)
  14 orc wizards
  A hell rat (Sewer)
  2 mummies (Ossuary)
  7 gnolls
  2 river rats (Sewer)
  5 adders
  6 white imps
  2 adder zombies (Ossuary)
  2 worms
  A dart slug (D:4)
  45 orcs
  7 bats
  12 endoplasms
  8 giant cockroaches
  9 goblins
  6 hobgoblins
  10 jackals (D:1)
  7 quokkas
  9 ball pythons
  3 frilled lizards
  A goblin zombie (Ossuary)
  10 hobgoblin zombies (Ossuary)
  2 jackal zombies (Ossuary)
  17 kobolds
  8 kobold zombies (Ossuary)
  8 orc zombies (Ossuary)
  7 rats
  A rat zombie (Ossuary)
346 creatures vanquished.

Vanquished Creatures (others)
  5 demonic plants (Gauntlet)
  5 fungi (Gauntlet)
  38 plants
48 creatures vanquished.

Grand Total: 394 creatures vanquished

Notes
Turn   | Place    | Note
-------+----------+-------------------------------------------
     0 | D:1      | Mysteryquy the Gargoyle Fighter began the quest for the
                  | Orb.
     0 | D:1      | Reached XP level 1. HP: 14/14 MP: 1/1
   422 | D:1      | Reached XP level 2. HP: 19/19 MP: 2/2
   784 | D:1      | Reached XP level 3. HP: 11/23 MP: 3/3
  1870 | D:2      | Reached XP level 4. HP: 28/28 MP: 4/4
  2281 | D:2      | Noticed Natasha
  2289 | D:2      | Killed Natasha
  2297 | D:2      | Reached skill level 3 in Maces & Flails
  2769 | D:2      | Reached XP level 5. HP: 11/33 MP: 5/5
  3020 | D:3      | Identified the +6 morningstar of Defence by Offence {venom,
                  | rPois Str+3 Int-4 Dex+2}
  3168 | D:3      | Found a faded altar of an unknown god.
  3627 | D:3      | Noticed Terence
  3630 | D:3      | Killed Terence
  3631 | D:3      | Reached skill level 4 in Maces & Flails
  3675 | D:3      | Reached XP level 6. HP: 27/38 MP: 6/6
  3678 | D:2      | Noticed Natasha
  3845 | D:2      | Killed Natasha
  3932 | D:2      | Noticed Natasha
  3939 | D:2      | Killed Natasha
  5628 | D:3      | Reached skill level 5 in Armour
  5897 | D:3      | Noticed Grinder
  5898 | D:3      | Paralysed by Grinder for 3 turns
  5906 | D:3      | Paralysed by Grinder for 3 turns
  5911 | D:3      | Killed Grinder
  5912 | D:3      | Reached skill level 5 in Maces & Flails
  5912 | D:3      | Reached skill level 1 in Dodging
  5912 | D:3      | Reached XP level 7. HP: 37/43 MP: 7/7
  5976 | D:3      | Found a runed translucent door.
  5977 | D:3      | Noticed Crazy Yiuf
  5983 | D:3      | Killed Crazy Yiuf
  6187 | D:4      | Found Raiss's Armour Boutique.
  6216 | D:4      | Identified the +6 falchion of Gifaqira {freeze, rElec
                  | Str+4}
  6232 | D:4      | Found Zim Meyt's Jewellery Boutique.
  6237 | D:4      | Noticed Menkaure
  6254 | D:4      | Killed Menkaure
  6288 | D:4      | Noticed Eustachio
  6310 | D:4      | Killed Eustachio
  6315 | D:4      | Reached skill level 5 in Shields
  6315 | D:4      | Reached XP level 8. HP: 48/48 MP: 8/8
  6342 | D:4      | Found a hazy altar of Hepliaklqana.
  6345 | D:4      | Found a glowing golden altar of the Shining One.
  6345 | D:4      | Found a sacrificial altar of Ru.
  6378 | D:4      | Found a glowing silver altar of Zin.
  6391 | D:4      | Found a burning altar of Makhleb.
  6529 | D:4      | Found Nyih's Antique Weapon Shoppe.
  6597 | D:4      | Noticed Blork the orc
  6604 | D:4      | Killed Blork the orc
  6768 | D:4      | Reached skill level 6 in Maces & Flails
  6829 | D:5      | Entered Level 5 of the Dungeon
  6836 | D:5      | Noticed Prince Ribbit
  6855 | D:5      | Killed Prince Ribbit
  6978 | D:5      | Reached skill level 5 in Fighting
  6978 | D:5      | Reached skill level 7 in Maces & Flails
  7059 | D:5      | Found a staircase to the Ecumenical Temple.
  7083 | Temple   | Entered the Ecumenical Temple
  7206 | Temple   | Became a worshipper of Warmaster Okawaru
  7549 | D:5      | Found a glowing drain.
  7556 | Sewer    | Entered a sewer
  7717 | D:5      | Reached XP level 9. HP: 54/54 MP: 9/9
  8127 | D:6      | Noticed Edmund
  8138 | D:6      | Killed Edmund
  8138 | D:6      | Reached * piety under Okawaru
  8139 | D:6      | Reached skill level 8 in Maces & Flails
  8184 | D:6      | Found a bloodstained altar of Trog.
  8918 | D:7      | Found a sand-covered staircase.
  8927 | Ossuary  | Entered an ossuary
  9096 | Ossuary  | Reached skill level 9 in Maces & Flails
  9288 | D:7      | Reached ** piety under Okawaru
  9348 | D:7      | Identified the +1 leather armour of the Comet {*Slow Will+
                  | Slay+3}
  9439 | D:7      | Reached XP level 10. HP: 61/61 MP: 10/10
 10056 | D:8      | Noticed a kobold demonologist
 10086 | D:8      | Killed a kobold demonologist
 10092 | D:8      | Reached skill level 10 in Maces & Flails
 10101 | D:8      | Reached *** piety under Okawaru
 10263 | D:8      | Noticed Joseph
 10274 | D:8      | Killed Joseph
 10330 | D:8      | Found a shadowy altar of Dithmenos.
 10861 | D:9      | Killed an unseen horror
 10916 | D:9      | Reached **** piety under Okawaru
 11196 | D:9      | Noticed a two-headed ogre
 11209 | D:9      | Killed a two-headed ogre
 11210 | D:9      | Reached skill level 11 in Maces & Flails
 11210 | D:9      | Reached XP level 11. HP: 39/67 MP: 11/11
 11249 | D:9      | Identified the ring of the Coward {Fire Str+2}
 11350 | D:10     | Entered Level 10 of the Dungeon
 11390 | D:10     | Reached ***** piety under Okawaru
 11449 | D:10     | Noticed Fannar
 11457 | D:10     | Killed Fannar
 11644 | D:10     | Reached skill level 1 in Stealth
 11872 | D:10     | Received a gift from Okawaru
 11985 | D:10     | Found Vusucs's Jewellery Shoppe.
 12192 | D:10     | Noticed a seven-headed hydra
 12198 | D:10     | Killed a seven-headed hydra
 12242 | D:10     | Found a staircase to the Lair.
 12324 | D:10     | Found Ciuwos's Distillery.
 12332 | D:10     | Bought a potion of degeneration for 14 gold pieces
 12332 | D:10     | Bought a potion of curing for 42 gold pieces
 12620 | Lair:1   | Entered Level 1 of the Lair of Beasts
 12671 | Lair:1   | Reached skill level 12 in Maces & Flails
 12705 | Lair:1   | Identified the ring of Plog {rN+ rCorr}
 12815 | Lair:1   | Reached skill level 1 in Invocations
 13047 | Lair:1   | Noticed a four-headed hydra
 13068 | Lair:1   | Killed a four-headed hydra
 13069 | Lair:1   | Reached skill level 10 in Armour
 13133 | Lair:1   | Noticed a four-headed hydra
 13145 | Lair:1   | Killed a four-headed hydra
 13146 | Lair:1   | Reached XP level 12. HP: 52/76 MP: 12/12
 13227 | Lair:1   | Noticed a six-headed hydra
 13296 | Lair:1   | Killed a six-headed hydra
 13296 | Lair:1   | Reached ****** piety under Okawaru
 13296 | Lair:1   | Identified the +1 shadow dragon scales of Absolutism {Harm
                  | rN+ Stlth++++} (Okawaru gifted it to you on level 1 of the
                  | Lair of Beasts)
 13296 | Lair:1   | Received a gift from Okawaru
 13493 | Lair:1   | Reached skill level 13 in Maces & Flails
 14197 | Lair:1   | Identified a scroll of acquirement
 14259 | D:11     | Found a gate leading to a gauntlet.
 14290 | Gauntlet | Entered a Gauntlet
 14290 | Gauntlet | Found a large runed translucent door.
 14290 | Gauntlet | Found a large runed translucent door.
 14290 | Gauntlet | Found a large runed translucent door.
 14290 | Gauntlet | Found a large runed translucent door.
 14290 | Gauntlet | Found a runed translucent door.
 14290 | Gauntlet | Found a large runed translucent door.
 14290 | Gauntlet | Found a large runed translucent door.
 14290 | Gauntlet | Found a transporter.
 14290 | Gauntlet | Found a transporter.
 14290 | Gauntlet | Found a large runed translucent door.
 14290 | Gauntlet | Found a large runed translucent door.
 14290 | Gauntlet | Found a runed translucent gate.
 14290 | Gauntlet | Found a runed translucent gate.
 14290 | Gauntlet | Found a transporter.
 14290 | Gauntlet | Found a transporter.
 14291 | Gauntlet | Found a runed translucent door.
 14291 | Gauntlet | Found a runed translucent gate.
 14295 | Gauntlet | Found a transporter.
 14296 | Gauntlet | Found a transporter.
 14306 | Gauntlet | Found a transporter.
 14309 | Gauntlet | Found a transporter.
 14310 | Gauntlet | Found a transporter.
 14313 | Gauntlet | Found a transporter.
 14314 | Gauntlet | Noticed a thrashing horror
 14320 | Gauntlet | Noticed a thrashing horror
 14325 | Gauntlet | Found a transporter.
 14326 | Gauntlet | Found a transporter.
 14397 | Gauntlet | Found a large runed translucent door.
 14397 | Gauntlet | Found a large runed translucent door.
 14397 | Gauntlet | Found a large runed translucent door.
 14397 | Gauntlet | Found a large runed translucent door.
 14398 | Gauntlet | Found a large runed translucent door.
 14398 | Gauntlet | Found a large runed translucent door.
 14399 | Gauntlet | Found a large runed translucent door.
 14399 | Gauntlet | Found a large runed translucent door.
 14452 | Gauntlet | Identified the amulet of the Telling Hero {Acrobat rC+}
 14480 | Gauntlet | Identified the ring "Sopamoin" {Will+ Int+5 Stlth-}
 14506 | Gauntlet | Killed from afar by a meliai

Illustrated notes

Levels and vault maps discovered:
D:1:      scummos_arrival_simple_crosswalls, layout_basic,
          minmay_three_crescents
D:2:      layout_basic, minmay_circled_x, uniq_natasha
D:3:      layout_loops_ring, hellmonk_ecumenical_altar_pennies_from_heaven,
          uniq_crazy_yiuf_cottage, uniq_terence, uniq_grinder
D:4:      layout_basic, minmay_overflow_temple_star_hex, serial_shops,
          nicolae_stop_n_shop_1, shop, shop, st_stairs_5, serial_bayou_pond_a,
          uniq_blork_the_orc, uniq_eustachio, uniq_menkaure
D:5:      layout_basic, minmay_temple_entry_arrows, portal_sewer_entry_e,
          hellmonk_bongcloud_opening, kennysheep_generic_room_7,
          uniq_prince_ribbit1
D:6:      layout_basic, mainiacjoe_overflow_six_doors_small,
          kennysheep_small_spiral, uniq_edmund
D:7:      lemuel_ice_spiral_2, layout_basic, enter_ossuary_3, enter_bailey_2
D:8:      layout_basic, nicolae_dithmenos_through_a_glass_darkly, special_room
          [special_room_kobold], uniq_joseph
D:9:      layout_basic, st_stairs_8
D:10:     layout_stronghold, lair_entry_dummy, serial_shops, shop,
          nicolae_lakefront_shop, minmay_between, uniq_fannar
D:11:     layout_long_grid, biasface_ghost_orc_armoury, gauntlet_entry_generic,
          uniq_lodul
Temple:   nicolae_temple_superstar
Lair:1:   layout_regular_city, serial_bayou_lagoon_a, minmay_shattered_shrine,
          lemuel_fruit_tree
Gauntlet: gammafunk_gauntlet_hard_choice [nicolae_gauntlet_arena_flowing_pool,
          minmay_gauntlet_arena_make_your_own_arena,
          gammafunk_gauntlet_arena_hedges, nicolae_gauntlet_arena_x,
          gammafunk_gauntlet_arena_mazey, nicolae_gauntlet_arena_grate_2,
          nicolae_gauntlet_exit_dead_adventurers]

Skill      XL: |  1  2  3  4  5  6  7  8  9 10 11 12 |
---------------+-------------------------------------+-----
Armour         | 4 5 6 7 8 9 10 | 10.7
Shields        | 4 5 6 7 9 |  9.6
Maces & Flails | 3 4 5 7 9 11 12 13 | 13.5
Fighting       | 4 5 6 7 9 |  9.6
Dodging        | 1 2 |  2.0
Stealth        | 1 |  1.7
Invocations    | 1 |  1.8

Action                   |  1- 3 |  4- 6 |  7- 9 | 10-12 || total
-------------------------+-------+-------+-------+-------++-------
Melee: Flail             |   140 |    83 |       |       ||   223
       Morningstar       |       |    54 |   368 |   423 ||   845
Invok: Finesse           |       |       |       |     2 ||     2
       Heroism           |       |       |       |     1 ||     1
  Use: Scroll            |       |       |       |    11 ||    11
Armor: Scale mail        |    97 |       |       |       ||    97
       Plate armour      |    12 |   120 |   316 |   261 ||   709
       Shadow dragon sca |       |       |       |    41 ||    41
Dodge: Dodged            |    99 |    45 |   107 |   130 ||   381
Block: Buckler           |    39 |    11 |       |       ||    50
       Kite shield       |       |    37 |   217 |   270 ||   524
